 Dungeon Crawl Stone Soup version 0.27.1-34-g3ba077fa99 (webtiles) character file.

Game seed: 18229043134785290038

1121 shadowrider38 the Fighter (level 8, -7/72 HPs)
             Began as a Demonspawn Fighter on Jan 5, 2022.
             Mangled by a large slime creature (31 damage)
             ... on level 5 of the Dungeon.
             The game lasted 00:19:06 (6936 turns).

shadowrider38 the Fighter (Demonspawn Fighter)      Turns: 6936, Time: 00:19:06

Health: -7/72      AC: 15    Str: 20    XL:     8   Next: 12%
Magic:  8/8        EV:  5    Int:  9    God:
Gold:   140        SH:  9    Dex: 12    Spells: 7/7 levels left

rFire    + . .     SeeInvis .   a - +2 dagger (venom)
rCold    x . .     Faith    .   c - +0 kite shield
rNeg     . . .     Spirit   .   v - +0 chain mail
rPois    .         Reflect  .   (helmet restricted)
rElec    .         Harm     .   (no cloak)
rCorr    .         Rampage  .   B - +2 pair of gloves
Will     .....                  l - +0 pair of boots
Stlth    ..........             (no amulet)
HPRegen  0.22/turn              y - ring of fire
MPRegen  0.11/turn              (no ring)

@: no status effects
A: antennae 2, yellow scales 1
a: no special abilities


You were on level 5 of the Dungeon.
You visited 2 branches of the dungeon, and saw 6 of its levels.

You collected 140 gold pieces.

Inventory:

Hand Weapons
 a - a +2 dagger of venom (weapon)
 h - a +0 trident
Missiles
 e - 86 stones
 n - 3 throwing nets
 r - 8 boomerangs (quivered)
 w - 4 silver boomerangs
 G - 4 poisoned darts
Armour
 c - a +0 kite shield (worn)
 l - a +0 pair of boots (worn)
 v - a +0 chain mail (worn)
 B - a +2 pair of gloves (worn)
Jewellery
 y - a ring of fire (left hand)
Wands
 A - a wand of digging (6)
 C - a wand of polymorph (7)
Scrolls
 b - 3 scrolls of magic mapping {unknown}
 f - 2 scrolls of noise {unknown}
 g - 3 scrolls of identify {unknown}
 j - a scroll of summoning {unknown}
 m - 3 scrolls of immolation {unknown}
 o - 2 scrolls of enchant weapon {unknown}
 q - 2 scrolls of vulnerability {unknown}
 t - a scroll of teleportation {unknown}
 z - a scroll of holy word {unknown}
Potions
 d - a potion of might
 i - a potion of invisibility {unknown}
 k - 3 potions of brilliance {unknown}
 p - a potion of magic {unknown}
 s - a potion of flight {unknown}
 u - a potion of attraction {unknown}
 x - a potion of curing {unknown}
 D - 3 potions of mutation {unknown}
 E - a potion of degeneration {unknown}
 F - a potion of heal wounds {unknown}


   Skills:
 + Level 10.0 Fighting
 - Level 1.7 Polearms
 - Level 2.7 Armour
 - Level 2.7 Shields


You had 7 spell levels left.
You didn't know any spells.
Your spell library contained the following spells:

 Spells                   Type           Power      Damage    Failure   Level
 Ozocubu's Armour         Ice            0%         N/A       100%        3
 Animate Dead             Necr           0%         N/A       100%        4
 Metabolic Englaciation   Hex/Ice        0%         N/A       100%        5
 Simulacrum               Ice/Necr       0%         N/A       100%        6
 Haunt                    Necr/Summ      0%         N/A       100%        7
 Infestation              Necr           0%         N/A       100%        8


Dungeon Overview and Level Annotations

Branches:
Dungeon (5/15)             Temple (1/1) D:4

Altars:
Ashenzari
Cheibriados
Dithmenos
Elyvilon
Fedhas
Kikubaaqudgha
Makhleb
Nemelex Xobeh
Ru
Sif Muna
Vehumet
Wu Jian
Xom
Zin
The Shining One

Shops:
D:1 =


Innate Abilities, Weirdness & Mutations

You have a pair of antennae on your head.
You are partially covered in yellow scales. (AC +2)


Message History

You block the slime creature's attack.
You hit the slime creature.
The slime creature is moderately wounded.
You block the slime creature's attack.
You hit the slime creature.
The slime creature is moderately wounded.
A nearby fungus withers and dies.
The slime creature hits you but does no damage. x2
You hit the slime creature but do no damage.
The slime creature is moderately wounded.
The slime creature hits you but does no damage.
You hit the slime creature.
The slime creature is moderately wounded.
The slime creature hits you but does no damage.
Two slime creatures merge to form a large slime creature.
You hit the large slime creature.
The large slime creature is poisoned.
The large slime creature is lightly wounded.
The endoplasm jiggles.
Throw: 8 boomerangs
Press: ? - help, Q - select action, (/) - cycle Shift-Dir - straight line, f - large slime creature
Aim: a large slime creature (lightly wounded, very poisoned, 83% to hit)
You throw a boomerang.
The boomerang hits the large slime creature but does no damage.
The large slime creature is lightly wounded.
The large slime creature hits you!!
Things that are here:
a +2 dagger of holy wrath; a +0 dagger; a kobold corpse
There is an open door here.
The large slime creature looks more healthy.
There is an open gate here.
The large slime creature jiggles.
There is an escape hatch in the floor here.
You hit the large slime creature.
The large slime creature is lightly wounded.
The large slime creature barely misses you.
You hit the large slime creature.
The large slime creature is lightly wounded.
The large slime creature hits you!! The large slime creature hits you!!
You die...

.. ###.#.#.##.#######
.#..##.##..###....#########
............#.#.#####......
...##.##.##.##...##....... #h.
#.##.######..'{....... .. #.##.#
#..{.....J.. #.##.##.#
##.'......#'
#.#...#)#######.##.....#.
#......)@JJ.JJ..###....#J
###...#.#######.# ####### ##.##.#
#.# # #.##.# #.# # ### #.##.#
###.#.# ..##########.##.# #...#.#
.............##.# #.....#
...############.#####...#########
.#.# #.........#........


You could see a large slime creature, 2 jellies and an endoplasm.

Vanquished Creatures
  2 necrophages
  2 ogres (D:5)
  A kobold brigand (D:5)
  Blork the orc (D:4)
  2 scorpions
  An orc priest (D:4)
  2 centaur skeletons
  3 hounds
  An iguana (D:5)
  2 hound skeletons (D:4)
  12 gnolls
  7 adders
  An ufetubus (D:5)
  An adder skeleton (D:5)
  2 worms
  3 dart slugs
  7 orcs
  4 endoplasms
  4 giant cockroaches
  8 goblins
  7 hobgoblins
  11 kobolds
  8 quokkas
  7 ball pythons
  9 bats
  7 frilled lizards
  6 rats
121 creatures vanquished.

Vanquished Creatures (others)
  4 fungi (D:5)
  10 toadstools (D:5)
14 creatures vanquished.

Grand Total: 135 creatures vanquished

Notes
Turn   | Place    | Note
-------+----------+-------------------------------------------
     0 | D:1      | shadowrider38 the Demonspawn Fighter began the quest for
                  | the Orb.
     0 | D:1      | Reached XP level 1. HP: 18/18 MP: 1/1
    98 | D:1      | Found Seepn's Jewellery Boutique.
   148 | D:1      | Gained mutation: You are partially covered in yellow
                  | scales. (AC +2) [demonic ancestry]
   148 | D:1      | Reached XP level 2. HP: 23/24 MP: 2/2
   700 | D:1      | Found a faded altar of an unknown god.
   730 | D:1      | Reached skill level 4 in Fighting
  1433 | D:1      | Reached XP level 3. HP: 30/30 MP: 3/3
  1980 | D:2      | Gained mutation: You have a pair of small antennae on your
                  | head. [demonic ancestry]
  1980 | D:2      | Reached XP level 4. HP: 38/38 MP: 4/4
  2119 | D:2      | Reached skill level 5 in Fighting
  3149 | D:3      | Gained mutation: You have a pair of antennae on your head.
                  | [demonic ancestry]
  3149 | D:3      | Reached XP level 5. HP: 44/46 MP: 5/5
  3285 | D:3      | Found a shadowy altar of Dithmenos.
  3342 | D:3      | Found a sacrificial altar of Ru.
  3445 | D:3      | Reached skill level 6 in Fighting
  3991 | D:4      | Noticed a necrophage
  4009 | D:4      | Killed a necrophage
  4010 | D:4      | Reached XP level 6. HP: 42/53 MP: 6/6
  4093 | D:4      | Noticed Blork the orc
  4120 | D:4      | Killed Blork the orc
  4121 | D:4      | Reached skill level 7 in Fighting
  4165 | D:4      | Found a shimmering blue altar of Sif Muna.
  4197 | D:5      | Entered Level 5 of the Dungeon
  4859 | D:4      | Found a radiant altar of Vehumet.
  5342 | D:4      | Found a staircase to the Ecumenical Temple.
  5365 | D:4      | Reached skill level 8 in Fighting
  5365 | D:4      | Reached XP level 7. HP: 57/62 MP: 7/7
  5801 | D:5      | Reached skill level 9 in Fighting
  6162 | D:5      | Found a sparkling altar of Nemelex Xobeh.
  6344 | Temple   | Entered the Ecumenical Temple
  6756 | D:5      | Reached XP level 8. HP: 72/72 MP: 8/8
  6854 | D:5      | Reached skill level 10 in Fighting
  6896 | D:5      | Noticed a slime creature
  6896 | D:5      | Noticed a slime creature
  6936 | D:5      | Mangled by a large slime creature

Illustrated notes

Levels and vault maps discovered:
D:1:      scummos_arrival_forest, layout_loops_corners, serial_shops, shop,
          ebering_ecumenical_altar_hall
D:2:      layout_basic, st_stairs_4, grunt_decor_one_mirror,
          minmay_misc_feat_tiny, minmay_stone_trees_small, minmay_box_of_dots
D:3:      layout_loops_ring, mainiacjoe_overflow_surrounded_room,
          nicolae_dithmenos_through_a_glass_darkly, minmay_circle_x
D:4:      layout_gridville, tgw_sif, mainiacjoe_overflow_tiny_flanked,
          nicolae_overflow_crystal_walls, temple_fountains
D:5:      cheibrodos_fertilizer, layout_loops_ring, nemelex_dance_club_becter,
          serial_shops, nicolae_shop_stone
Temple:   jpeg_temple_island

Skill      XL: |  1  2  3  4  5  6  7  8 |
---------------+-------------------------+-----
Fighting       | 4 5 6 8 9 10 | 10.0
Polearms       | |  1.7
Armour         | |  2.7
Shields        | |  2.7

Action                   |  1- 3 |  4- 6 |  7- 9 || total
-------------------------+-------+-------+-------++-------
Melee: Trident           |    61 |       |       ||    61
       Dagger            |    60 |   187 |   131 ||   378
Throw: Stone             |     3 |     3 |       ||     6
       Boomerang         |       |    25 |     6 ||    31
Armor: Scale mail        |    72 |    35 |       ||   107
       Chain mail        |       |    73 |    91 ||   164
Dodge: Dodged            |    29 |    42 |    21 ||    92
Block: Kite shield       |    63 |    84 |    73 ||   220
